 Dungeon Crawl Stone Soup version 0.28.0-53-g5a82cb258f (webtiles) character file.

Game seed: 14616329629401538233

47702 Peloso the Fencer (level 14, -6/132 HPs)
             Began as a Minotaur Fighter on Aug 6, 2022.
             Was the Champion of Okawaru.
             Mangled by an orc warrior
             ... wielding a +0 trident
             ... led by an orc high priest
              (9 damage)
             ... while paralysed by an ogre mage
             ... on level 1 of the Orcish Mines.
             The game lasted 00:34:14 (21082 turns).

Peloso the Fencer (Minotaur Fighter)               Turns: 21082, Time: 00:34:14

Health: -6/132     AC: 24    Str: 33    XL:     14   Next: 9%
Magic:  15/15      EV:  2    Int:  5    God:    Okawaru [******]
Gold:   1043       SH:  0    Dex: 13    Spells: 13/13 levels left

rFire   . . .      SeeInvis .   a - +7 double sword "Dontod" {flame, rN++ Str+4}
rCold   . . .      Faith    .   c - +0 buckler "Ipsi" {rCorr}
rNeg    + + .      Spirit   .   J - +4 chain mail of Cikh {+Inv}
rPois   .          Reflect  .   (helmet restricted)
rElec   .          Harm     .   F - +0 cloak
rCorr   +          Rampage  .   p - +0 pair of gloves
Will    +....                   (no boots)
Stlth   ..........              (no amulet)
HPRegen 0.32/turn               s - +6 ring of strength
MPRegen 0.14/turn               y - +4 ring of protection

@: paralysed, studying Polearms
A: horns 2, retaliatory headbutt
a: Renounce Religion, Evoke Invisibility, Heroism, Finesse, Duel


You were on level 1 of the Orcish Mines.
You worshipped Okawaru.
Okawaru was exalted by your worship.
You visited 4 branches of the dungeon, and saw 18 of its levels.

You collected 1043 gold pieces.

Inventory:

Hand Weapons
 a - the +7 double sword "Dontod" (weapon) {flame, rN++ Str+4}
   (Okawaru gifted it to you on level 10 of the Dungeon)

   It burns those it strikes, dealing additional fire damage.
   Big, fiery blades are also staple armaments of hydra-hunters.
   Str:       It affects your strength (+4).
   rN:        It greatly protects you from negative energy.
 b - a +2 double sword of freezing
Missiles
 u - 4 throwing nets (quivered)
Armour
 c - the +0 buckler "Ipsi" (worn) {rCorr}
   (Okawaru gifted it to you on level 11 of the Dungeon)

   rCorr:     It protects you from acid and corrosion.
 p - a +0 pair of gloves (worn)
 F - a +0 cloak (worn)
 J - the +4 chain mail of Cikh (worn) {+Inv}
   (Okawaru gifted it to you on level 11 of the Dungeon)

   +Inv:      It lets you turn invisible.
Jewellery
 g - a ring of resist corrosion
 s - a +6 ring of strength (left hand)
 y - a +4 ring of protection (right hand)
 C - a ring of protection from fire
 M - a ring of protection from cold
Wands
 e - a wand of polymorph (4)
 j - a wand of iceblast (6)
 w - a wand of acid (4)
 A - a wand of mindburst (13)
 L - a wand of paralysis (3)
Scrolls
 f - 7 scrolls of teleportation
 l - 3 scrolls of immolation
 m - 5 scrolls of amnesia
 n - 2 scrolls of acquirement {unknown}
 o - 4 scrolls of enchant weapon {unknown}
 q - 3 scrolls of fear
 r - a scroll of magic mapping {unknown}
 v - a scroll of brand weapon
 x - 2 scrolls of summoning
 D - 2 scrolls of vulnerability {unknown}
 E - 3 scrolls of blinking {unknown}
 G - 2 scrolls of fog {unknown}
 K - a scroll of identify
 N - a scroll of noise {unknown}
 P - a scroll of holy word {unknown}
Potions
 d - 5 potions of might
 h - 2 potions of brilliance
 i - 2 potions of haste
 k - 6 potions of curing
 t - 2 potions of flight
 z - 3 potions of degeneration {unknown}
 B - 3 potions of attraction {unknown}
 I - 2 potions of ambrosia
 O - a potion of heal wounds
 Q - a potion of magic {unknown}
Miscellaneous
 H - a phantom mirror


   Skills:
 + Level 14.0 Fighting
 + Level 17.5 Long Blades
 + Level 14.9 Armour
 + Level 3.8 Dodging
 + Level 1.4 Stealth
 + Level 11.6 Shields
 + Level 2.6 Invocations
 + Level 3.2 Evocations


You had 13 spell levels left.
You didn't know any spells.
Your spell library contained the following spells:

 Spells                   Type           Power      Damage    Failure   Level
 Magic Dart               Conj           0%         1d3       88%         1
 Slow                     Hex            0%         N/A       88%         1
 Sting                    Tmut/Pois      0%         1d3       88%         1
 Ensorcelled Hibernation  Hex/Ice        0%         N/A       96%         2
 Passwall                 Tmut/Erth      0%         N/A       96%         2
 Poisonous Vapours        Pois/Air       0%         N/A       96%         2
 Searing Ray              Conj           0%         2d4       96%         2
 Confusing Touch          Hex            0%         N/A       99%         3
 Frozen Ramparts          Ice            0%         1d2       99%         3
 Spider Form              Tmut/Pois      0%         N/A       99%         3
 Stone Arrow              Conj/Erth      0%         3d7       99%         3
 Swiftness                Air            0%         N/A       99%         3
 Vampiric Draining        Necr           0%         2d6       99%         3
 Anguish                  Hex/Necr       0%         N/A       100%        4
 Fulminant Prism          Conj/Hex       0%         3d6       100%        4
 Ice Form                 Ice/Tmut       0%         N/A       100%        4
 Olgreb's Toxic Radiance  Pois           0%         N/A       100%        4
 Lightning Bolt           Conj/Air       0%         1d11      100%        5
 Enfeeble                 Hex            0%         N/A       100%        7
 Orb of Destruction       Conj           0%         9d5       100%        7
 Tukima's Dance           Hex            Unusable   N/A       N/A         3
 Summon Ice Beast         Ice/Summ       Unusable   N/A       N/A         4

Dungeon Overview and Level Annotations

Branches:
Dungeon (12/15)            Temple (1/1) D:4            Lair (4/6) D:11
  Swamp (0/4) Lair:3       Spider (0/4) Lair:3          Orc (1/2) D:11

Altars:
Ashenzari
Cheibriados
Dithmenos
Elyvilon
Fedhas
Gozag
Hepliaklqana
Kikubaaqudgha
Makhleb
Nemelex Xobeh
Okawaru
Qazlal
Ru
Sif Muna
Trog
Uskayaw
Vehumet
Wu Jian
Xom
Yredelemnul
Zin
The Shining One

Shops:
D:6 [

Annotations:
D:4 2 transporters, Descartes's ghost, amateur FoFi
D:12 4 runed translucent doors
Lair:3 2 transporters, mistmaker's ghost, journeyman TeAE


Innate Abilities, Weirdness & Mutations

You have a pair of horns on your head.
You reflexively headbutt those who attack you in melee.


Message History

* * * LOW HITPOINT WARNING * * *
The ogre mage casts a spell at you. The bolt of magma hits you.
* * * LOW HITPOINT WARNING * * *
The orc high priest says, "All sinners must die."
The orc warrior hits you from afar with a +0 trident.
* * * LOW HITPOINT WARNING * * *
The ufetubus hits you.
* * * LOW HITPOINT WARNING * * *
The ufetubus hits you but does no damage.
The ogre mage hits you from afar with a +0 halberd.
* * * LOW HITPOINT WARNING * * *
The orc warrior hits you but does no damage.
The orc high priest hits you but does no damage.
The orc warrior hits you from afar with a +0 trident.
* * * LOW HITPOINT WARNING * * *
The orc priest begins to cast a cantrip, but forgets the words!
The ynoxinul hits you but does no damage.
The ufetubus hits you but does no damage. x2
The ogre mage hits you from afar with a +0 halberd.
* * * LOW HITPOINT WARNING * * *
The orc warrior completely misses you.
The orc warrior hits you with a +0 flail.
* * * LOW HITPOINT WARNING * * *
The orc high priest hits you but does no damage.
The orc warrior hits you but does no damage.
The ufetubus hits you but does no damage. x2
The ynoxinul hits you but does no damage.
The orc shouts!
You hear a shout! x2
The ogre mage hits you from afar with a +0 halberd.
* * * LOW HITPOINT WARNING * * *
The orc warrior hits you but does no damage.
The orc priest looks satisfied for a moment.
The ufetubus hits you but does no damage.
The ufetubus barely misses you.
The orc warrior hits you with a +0 flail!
* * * LOW HITPOINT WARNING * * *
The orc high priest mumbles some strange prayers to Beogh.
The orc warrior hits you from afar with a +0 trident!
You die...

#####...o
#.#..oo>
##...oo.#
##....o..
##...o.oo
#.....Oo##
#...oO4oo#
##...53oo####..
##..#5@.[......
## #.$3......#
#.##.......# ##
#.......#
......###
#.#.### ###..
###


You could see an orc high priest, an ogre mage, an orange demon (summoned), a
neqoxec (summoned), a ynoxinul (summoned), 3 orc warriors, an ogre, 4 orc
priests, 6 orcs and 2 ufetubi.

Vanquished Creatures
  The ghost of Hook Fumuih the Nimble, a journeyman DjFE of Makhleb (Lair:1)
  5 hydras
  7 boulder beetles
  An ogre mage (D:10)
  6 two-headed ogres
  Sonja (D:10)
  A fire crab (shapeshifter) (D:10)
  3 deep elf pyromancers
  2 ugly things
  An orc knight (D:11)
  A wolf spider (Lair:3)
  A manticore (D:12)
  2 black mambas (Lair:4)
  7 elephants
  3 cane toads
  A gargoyle (D:10)
  2 unseen horrors
  5 rime drakes
  Maggie (D:7)
  A kobold demonologist (D:9)
  5 komodo dragons
  4 trolls
  A queen bee (D:11)
  A polar bear (Lair:3)
  4 slime creatures (D:12)
  18 blink frogs
  A hornet (D:10)
  A jumping spider (Lair:3)
  2 wyverns
  A wraith (D:12)
  33 yaks
  2 shadows
  Eustachio (D:5)
  A vampire (D:12)
  8 vampire mosquitoes
  A basilisk (Lair:4)
  A steam dragon (D:9)
  2 wargs
  An acid dragon (D:11)
  9 water moccasins
  12 orc warriors
  An ice beast (D:6)
  A black bear (D:6)
  2 sky beasts
  32 wolves
  2 ogres
  A boggart (D:12)
  5 centaurs
  3 phantoms
  2 kobold brigands
  10 bullfrogs
  2 scorpions (D:6)
  2 gnoll sergeants
  A water moccasin zombie (D:5)
  26 killer bees
  8 wights
  5 electric eels
  3 howler monkeys
  3 centaur zombies
  7 hounds
  A gnoll shaman (D:9)
  11 orc priests
  2 bullfrog skeletons
  A jelly (D:6)
  Ijyb (D:5)
  3 iguanas
  Natasha (D:3)
  15 orc wizards
  A killer bee zombie (D:8)
  A howler monkey zombie (D:10)
  7 adders
  19 gnolls
  A howler monkey skeleton (D:6)
  An adder zombie (D:5)
  A worm (D:3)
  3 dart slugs
  39 orcs
  6 endoplasms
  7 giant cockroaches
  5 goblins
  18 hobgoblins
  3 quokkas
  3 ball pythons
  4 bats
  2 frilled lizards (D:1)
  13 kobolds
  5 rats
  A bush (D:6)
  A fungus (Lair:2)
  2 plants (Lair:2)
455 creatures vanquished.

Vanquished Creatures (others)
  An orc wizard (D:11)
  6 fungi
  40 plants
47 creatures vanquished.

Grand Total: 502 creatures vanquished

Notes
Turn   | Place    | Note
-------+----------+-------------------------------------------
     0 | D:1      | Peloso the Minotaur Fighter began the quest for the Orb.
     0 | D:1      | Reached XP level 1. HP: 19/19 MP: 0/0
   351 | D:1      | Reached XP level 2. HP: 26/27 MP: 1/1
   563 | D:1      | Reached XP level 3. HP: 33/33 MP: 2/2
  1383 | D:2      | Reached skill level 3 in Long Blades
  2072 | D:3      | Reached XP level 4. HP: 16/40 MP: 3/3
  2781 | D:3      | Reached XP level 5. HP: 47/47 MP: 4/4
  2822 | D:3      | Reached skill level 4 in Long Blades
  3023 | D:3      | Reached skill level 5 in Armour
  3023 | D:3      | Reached skill level 1 in Dodging
  3089 | D:3      | Noticed Natasha
  3097 | D:3      | Killed Natasha
  3549 | D:4      | Reached XP level 6. HP: 25/53 MP: 5/5
  3750 | D:4      | Noticed Descartes's ghost (amateur FoFi)
  3772 | D:4      | Found a transporter.
  3791 | D:4      | Found a blossoming altar of Fedhas.
  3902 | D:4      | Found a staircase to the Ecumenical Temple.
  3908 | Temple   | Entered the Ecumenical Temple
  3956 | Temple   | Became a worshipper of Warmaster Okawaru
  4234 | D:4      | Found a transporter.
  4294 | D:4      | Reached skill level 5 in Long Blades
  4512 | D:4      | Found a burning altar of Makhleb.
  4614 | D:5      | Entered Level 5 of the Dungeon
  4849 | D:5      | Noticed Ijyb
  4858 | D:5      | Killed Ijyb
  4859 | D:5      | Reached XP level 7. HP: 60/60 MP: 6/6
  4899 | D:5      | Noticed Eustachio
  4927 | D:5      | Killed Eustachio
  4927 | D:5      | Reached * piety under Okawaru
  4928 | D:5      | Reached skill level 5 in Fighting
  4928 | D:5      | Reached skill level 6 in Long Blades
  5460 | D:5      | Got Asmodeus's Compendium of Arcane Weapons
  5540 | D:6      | Noticed a vampire mosquito
  5556 | D:6      | Killed a vampire mosquito
  5557 | D:6      | Reached skill level 7 in Long Blades
  5557 | D:6      | Reached XP level 8. HP: 63/70 MP: 4/7
  5583 | D:6      | Reached ** piety under Okawaru
  5584 | D:6      | Reached skill level 5 in Shields
  5766 | D:6      | Reached skill level 8 in Long Blades
  6178 | D:6      | Found a sacrificial altar of Ru.
  6360 | D:6      | Found Cugofuen's Antique Armour Boutique.
  6439 | D:6      | Reached skill level 1 in Invocations
  6605 | D:6      | Found a white marble altar of Elyvilon.
  6952 | D:7      | Reached skill level 9 in Long Blades
  7025 | D:7      | Reached XP level 9. HP: 63/79 MP: 8/8
  7331 | D:7      | Found a shimmering blue altar of Sif Muna.
  7581 | D:7      | Noticed Maggie
  7600 | D:7      | Killed Maggie
  7601 | D:7      | Reached skill level 10 in Long Blades
  7783 | D:7      | Reached *** piety under Okawaru
  8115 | D:7      | Found a basalt altar of Yredelemnul.
  8229 | D:8      | Identified the +7 mace "Spider's Bane" {protect, rPois rN+
                  | rCorr}
  8637 | D:8      | Reached skill level 11 in Long Blades
  8706 | D:8      | Noticed a troll
  8708 | D:8      | Noticed a troll
  8734 | D:8      | Killed a troll
  8742 | D:8      | Killed a troll
  8742 | D:8      | Reached **** piety under Okawaru
  8915 | D:8      | Reached XP level 10. HP: 78/86 MP: 6/9
  8971 | D:8      | Noticed a six-headed hydra
  8986 | D:8      | Reached skill level 10 in Armour
  9160 | D:8      | Found the +1 robe of Vines {NoPotionHeal Regen++++}
  9234 | D:8      | Found a radiant altar of Vehumet.
  9298 | D:8      | Killed a six-headed hydra
  9485 | D:8      | Found a shimmering altar of Xom.
  9488 | D:8      | Found a hide-covered altar of Uskayaw.
  9499 | D:8      | Noticed a boulder beetle
  9539 | D:8      | Killed a boulder beetle
  9540 | D:8      | Reached skill level 12 in Long Blades
  9540 | D:8      | Reached skill level 1 in Evocations
  9919 | D:9      | Received a gift from Okawaru
 10464 | D:9      | Reached ***** piety under Okawaru
 10761 | D:10     | Entered Level 10 of the Dungeon
 10771 | D:10     | Noticed Sonja
 10773 | D:10     | Killed Sonja
 10843 | D:10     | Found a glowing silver altar of Zin.
 10843 | D:10     | Found an opulent altar of Gozag.
 10994 | D:10     | Reached XP level 11. HP: 97/97 MP: 8/11
 11161 | D:10     | Noticed a green ugly thing
 11186 | D:10     | Killed a green ugly thing
 11250 | D:10     | Reached skill level 13 in Long Blades
 11343 | D:10     | Noticed a fire crab
 11354 | D:10     | Killed a fire crab
 11793 | D:10     | Noticed an ogre mage
 11814 | D:10     | Killed an ogre mage
 11831 | D:10     | Noticed a deep elf pyromancer
 11981 | D:10     | Killed a deep elf pyromancer
 12192 | D:10     | Identified the +7 double sword "Dontod" {flame, rN++ Str+4}
                  | (Okawaru gifted it to you on level 10 of the Dungeon)
 12192 | D:10     | Received a gift from Okawaru
 12651 | D:10     | Found a shadowy altar of Dithmenos.
 13101 | D:11     | Noticed a boulder beetle
 13116 | D:11     | Killed a boulder beetle
 13152 | D:11     | Noticed a boulder beetle
 13158 | D:11     | Killed a boulder beetle
 13159 | D:11     | Reached skill level 10 in Fighting
 13159 | D:11     | Reached skill level 14 in Long Blades
 13359 | D:11     | Noticed an eight-headed hydra
 13367 | D:11     | Killed a four-headed hydra
 13563 | D:11     | Found a staircase to the Lair.
 13657 | D:11     | Noticed an orc knight
 13662 | D:11     | Killed an orc knight
 13738 | D:11     | Found a staircase to the Orcish Mines.
 13995 | D:11     | Reached XP level 12. HP: 107/107 MP: 12/12
 14014 | D:11     | Identified the +0 buckler "Ipsi" {rCorr} (Okawaru gifted it
                  | to you on level 11 of the Dungeon)
 14014 | D:11     | Received a gift from Okawaru
 14019 | D:11     | Noticed a two-headed ogre
 14030 | D:11     | Killed a two-headed ogre
 14828 | D:12     | Noticed a two-headed ogre
 14833 | D:12     | Killed a two-headed ogre
 14894 | D:12     | Noticed a boulder beetle
 14896 | D:12     | Found a large runed translucent door.
 14901 | D:12     | Killed a boulder beetle
 14902 | D:12     | Reached skill level 15 in Long Blades
 14902 | D:12     | Found a large runed translucent door.
 14905 | D:12     | Noticed a four-headed hydra
 14906 | D:12     | Found a large runed translucent door.
 14906 | D:12     | Found a large runed translucent door.
 14935 | D:12     | Noticed a two-headed ogre
 14938 | D:12     | Killed a two-headed ogre
 14944 | D:12     | Noticed a two-headed ogre
 15118 | D:12     | Noticed a boulder beetle
 15126 | D:12     | Killed a boulder beetle
 15969 | Lair:1   | Entered Level 1 of the Lair of Beasts
 15981 | D:11     | Reached ****** piety under Okawaru
 16003 | D:11     | Identified the +4 chain mail of Cikh {+Inv} (Okawaru gifted
                  | it to you on level 11 of the Dungeon)
 16003 | D:11     | Received a gift from Okawaru
 16271 | D:11     | Reached skill level 16 in Long Blades
 16336 | Lair:1   | Noticed an eight-headed hydra
 16341 | Lair:1   | Killed a five-headed hydra
 16342 | Lair:1   | Reached skill level 10 in Shields
 16451 | Lair:1   | Reached XP level 13. HP: 87/118 MP: 13/13
 16982 | Lair:1   | Found a runed translucent door.
 16982 | Lair:1   | Noticed Hook Fumuih's ghost (journeyman DjFE)
 17410 | Lair:1   | Killed Hook Fumuih's ghost
 18115 | Lair:2   | Reached skill level 1 in Stealth
 18704 | Lair:3   | Found a staircase to the Swamp.
 18760 | Lair:3   | Found a transporter.
 18808 | Lair:3   | Received a gift from Okawaru
 18834 | Lair:3   | Found a hole to the Spider Nest.
 19335 | Lair:3   | Found a transporter.
 19520 | Lair:3   | Noticed mistmaker's ghost (journeyman TeAE)
 19784 | Lair:4   | Reached skill level 17 in Long Blades
 20011 | Lair:4   | Received a gift from Okawaru
 20694 | Lair:4   | Reached XP level 14. HP: 121/130 MP: 15/15
 20849 | Orc:1    | Entered Level 1 of the Orcish Mines
 21078 | Orc:1    | Paralysed by an ogre mage for 6 turns
 21082 | Orc:1    | HP: 3/132 [orc warrior/+0 flail[an orc high priest] (8)]
 21082 | Orc:1    | Mangled by an orc warrior

Illustrated notes

Levels and vault maps discovered:
D:1:      minmay_arrival_jagged, layout_loops_corners, minmay_quantized
D:2:      layout_basic, grunt_ministairs_12, guppyfry_early_lair_pool
D:3:      layout_loops_corners, uniq_natasha
D:4:      layout_layer_cave, mainiacjoe_overflow_alcove_4,
          makhleb_heckhound_becter, temple_green, gammafunk_ghost_stat_death,
          grunt_ministairs_14
D:5:      layout_gridville, uniq_eustachio, uniq_ijyb
D:6:      layout_basic, hangedman_ru_absence, nicolae_elyvilon_peaceful_grove,
          serial_shops, shop, chequers_serial_rivers_room_a, minmay_manual_mail
D:7:      layout_loops_corners, kennysheep_mini, mainiacjoe_overflow_24_doors,
          serial_park_tiny_1, uniq_maggie
D:8:      layout_basic, lemuel_coloured_pillars_altar, nicolae_overflow_squiral,
          hellmonk_guarded_unrand_vines
D:9:      layout_rooms
D:10:     nzn_winding_woodlands_small
          [nzn_winding_woodlands_5x15_pathside_ponds,
          nzn_winding_woodlands_center_pierced_h,
          nzn_winding_woodlands_5x15_concentric], layout_basic,
          grunt_temple_overflow_gold_and_silver, nicolae_dithmenos_the_darkroom,
          nrook_mini_backslash, uniq_sonja
D:11:     cheibrodos_orc_bank, layout_basic, dpeg_oklobed_lair, orc_0_dummy,
          minivault_7
D:12:     layout_long_grid, minmay_hollow_rounded_squares
Temple:   compressed_dpeg_circular_temple
Lair:1:   layout_cave_pods, gammafunk_ghost_grave, grunt_megastairs_3
Lair:2:   beast_lair_carwin_large_1, layout_regular_city
Lair:3:   layout_long_grid, minmay_swamp_entry_swarm,
          spider_nest_entry_funnel_web, gammafunk_ghost_berserking_beasts,
          cheibrodos_lair_reptile_den
Lair:4:   layout_misc_corridors, beast_lair_carwin_6
Orc:1:    layout_diamond_mine, serial_shops, nicolae_shop_behind_doors,
          uniq_nergalle

Skill      XL: |  1  2  3  4  5  6  7  8  9 10 11 12 13 14 |
---------------+-------------------------------------------+-----
Fighting       | 4 5 7 8 9 10 12 13 14 | 14.0
Shields        | 4 5 6 7 9 10 11 | 11.6
Armour         | 4 5 6 7 8 9 11 12 13 14 | 14.9
Long Blades    | 3 4 5 7 9 11 12 14 16 17 | 17.5
Dodging        | 1 2 3 |  3.8
Invocations    | 1 2 |  2.6
Evocations     | 3 |  3.2
Stealth        | 1 |  1.4

Action                   |  1- 3 |  4- 6 |  7- 9 | 10-12 | 13-15 || total
-------------------------+-------+-------+-------+-------+-------++-------
Melee: Long sword        |    96 |   122 |   368 |   334 |       ||   920
       Headbutt          |    14 |    22 |    80 |   146 |    85 ||   347
       Double sword      |       |       |       |   269 |   354 ||   623
Invok: Heroism           |       |       |     5 |    13 |     1 ||    19
Evoke: Wand              |       |       |       |    20 |       ||    20
  Use: Scroll            |       |       |     9 |     5 |       ||    14
       Potion            |       |       |       |     5 |       ||     5
Armor: Scale mail        |    53 |     6 |       |       |       ||    59
       Chain mail        |       |    47 |    91 |    50 |   181 ||   369
       Plate armour      |       |       |    95 |   310 |       ||   405
Dodge: Dodged            |    31 |    33 |   102 |   181 |   135 ||   482
Block: Buckler           |    24 |    28 |    64 |    84 |    92 ||   292
       Kite shield       |       |       |       |   143 |       ||   143
